 Dungeon Crawl Stone Soup version 0.32-a0-630-g46d191b0ed (webtiles) character file.

Game seed: 16986591434585628356

134 Dittersdorf the Covered (level 5, -2/33 HPs)
             Began as a Gargoyle Fighter on Mar 6, 2024.
             Slain by Ijyb
             ... wielding a +0 dagger
              (4 damage)
             ... on level 3 of the Dungeon.
             The game lasted 00:02:28 (1953 turns).

Dittersdorf the Covered (Gargoyle Fighter)          Turns: 1953, Time: 00:02:29

Health: -2/33      AC:  0    Str: 21    XL:     5   Next: 17%
Magic:  5/5        EV: 17    Int:  9    God:
Gold:   91         SH:  0    Dex: 14    Spells: 4/4 levels left

rFire   . . .        a - melded +0 flail
rCold   . . .        c - melded +0 buckler
rNeg    + . .        b - melded +0 scale mail
rPois   ∞            (helmet currently unavailable)
rElec   .            (cloak currently unavailable)
rCorr   .            (gloves currently unavailable)
SInv    .            (boots currently unavailable)
Will    .....        (no amulet)
Stlth   +            (ring currently unavailable)
HPRegen 0.25/turn    (ring currently unavailable)
MPRegen 0.09/turn

%: no passive effects
@: bat-form, flying, very quick
A: fast, flying, no casting, sickness immunity, AC +4, tiny, negative energy
resistance 1, (electricity resistance), torment resistance 1, petrification
resistance
a: no special abilities


You were on level 3 of the Dungeon.
You were a bat.
You visited 1 branch of the dungeon, and saw 3 of its levels.

You collected 91 gold pieces.

Inventory:

Hand Weapons
 a - a +0 flail (melded)
Armour
 b - a +0 scale mail (melded)
 c - a +0 buckler (melded)
Magical Staves
 g - a staff of earth
Scrolls
 e - a scroll of vulnerability {unknown}
 f - 3 scrolls of identify {unknown}
 i - 2 scrolls of teleportation {unknown}
 l - 2 scrolls of noise {unknown}
 m - a scroll of torment {unknown}
 n - a scroll of blinking {unknown}
 p - a scroll of silence {unknown}
Potions
 d - a potion of might
 h - a potion of mutation {unknown}
 j - 2 potions of curing {unknown}
 k - a potion of resistance {unknown}
 o - a potion of haste {unknown}


   Skills:
 + Level 4.2 Fighting
 + Level 3.0 Maces & Flails
 + Level 4.2 Armour
 + Level 4.2 Shields


You had 4 spell levels left.
You didn't know any spells.
Your spell library contained the following spells:

 Spells                   Type           Power      Damage    Failure   Level
 Lesser Beckoning         Tloc           0%         N/A       52%         2
 Gell's Gravitas          Tloc           0%         N/A       77%         3
 Teleport Other           Tloc           0%         N/A       77%         3


Dungeon Overview and Level Annotations

Branches:
Dungeon (3/15)

Altars:
Wu Jian

Annotations:
D:3 Ijyb


Innate Abilities, Weirdness & Mutations

You are a bat.
You are tiny and dextrous.
You move quickly.
You are flying.
Your equipment is almost entirely melded.
You are incapable of wielding weapons or throwing items.
You cannot cast spells.
You are immune to sickness and miasma.
((Your stone body is resilient. (AC +4)))
You are immune to poison.
You resist negative energy. (rN+)
((You are resistant to electric shocks. (rElec)))
You are resistant to unholy torment.
You are immune to petrification.


Message History

You barely miss Ijyb.
Ijyb is moderately wounded.
Ijyb hits you with a +0 dagger.
You hit Ijyb but do no damage.
Ijyb is moderately wounded.
Ijyb misses you.
You closely miss Ijyb.
Ijyb is moderately wounded.
Ijyb completely misses you.
You hit Ijyb but do no damage.
Ijyb is moderately wounded.
Ijyb completely misses you.
You hit Ijyb but do no damage.
Ijyb is moderately wounded.
Ijyb hits you with a +0 dagger.
* * * LOW HITPOINT WARNING * * *
You barely miss Ijyb.
Ijyb is moderately wounded.
You barely miss Ijyb.
Ijyb is moderately wounded.
Ijyb hits you with a +0 dagger.
* * * LOW HITPOINT WARNING * * *
You hit Ijyb.
Ijyb is moderately wounded.
Ijyb misses you.
You hit Ijyb but do no damage.
Ijyb is moderately wounded.
Ijyb misses you.
You hit Ijyb.
Ijyb is heavily wounded.
Ijyb misses you.
You hit Ijyb but do no damage.
Ijyb is heavily wounded.
Ijyb hits you with a +0 dagger.
* * * LOW HITPOINT WARNING * * *
You hit Ijyb but do no damage.
Ijyb is heavily wounded.
Ijyb hits you with a +0 dagger.
You die...
Ijyb screams, "Time for next experiment!"

..#####.#......##.# #.##.#
..#
##..##....###.#######.##.#
..#
#.)###.........#......##.#
#####)##
#....###..#.#######.#
#...#.# #....#
#..#.#.....#.# #.....#
#....# #..#.#.###[#.#
#....## #....#
#..#.#<..#.#.# #....#
#....###..#.#.#.#.#.#
#....#
#.....gb..#.#.#.#.#.#
#....#####....####.#.#.#
#.#.# #..#.........#..
#.#.#.# #.#.#
.)##.#######.#.# #.#.#..
#.#.# '###.# #.#.#
#.#.#####.#.# ..##.# #.#.#
#.#.......#.# †.##.# #.#.#
#.#########.#
..##.#######'#.###.# #.#
..##.##............# #.#


You could see Ijyb.

Vanquished Creatures
  A gnoll bouda (D:1)
  3 gnolls
  2 dart slugs
  3 orcs (D:3)
  2 ball pythons
  5 endoplasms
  3 giant cockroaches
  2 goblins (D:1)
  3 hobgoblins
  13 jackals
  12 kobolds
  4 quokkas
  2 bats (D:1)
  3 frilled lizards
  8 rats
66 creatures vanquished.

Notes
Turn   | Place    | Note
-------+----------+-------------------------------------------
     0 | D:1      | Dittersdorf the Gargoyle Fighter began the quest for the
                  | Orb.
     0 | D:1      | Reached XP level 1. HP: 14/14 MP: 1/1
   122 | D:1      | Reached XP level 2. HP: 18/19 MP: 2/2
   354 | D:1      | Reached XP level 3. HP: 16/23 MP: 3/3
   945 | D:1      | Reached XP level 4. HP: 17/29 MP: 4/4
  1137 | D:2      | Found an ornate altar of the Wu Jian Council.
  1608 | D:3      | Reached XP level 5. HP: 32/33 MP: 5/5
  1927 | D:3      | Noticed Ijyb
  1953 | D:3      | Slain by Ijyb

Illustrated notes

Levels and vault maps discovered:
D:1:      saegor_arrival_simple_e, layout_loops_ring, nrook_mini_backslash,
          minmay_tromino_v4_c
D:2:      layout_rooms, basic_altar, chequers_serial_rivers_room_b
D:3:      layout_basic, serial_shops, shop, uniq_ijyb

Skill      XL: |  1  2  3  4 |
---------------+-------------+-----
Fighting       | 4 |  4.2
Armour         | 4 |  4.2
Shields        | 4 |  4.2
Maces & Flails | 3 |  3.0

Action                     |  1- 3 |  4- 6 || total
---------------------------+-------+-------++-------
  Melee: Flail             |   134 |    93 ||   227
         Unarmed           |       |    25 ||    25
 Armour: Scale mail        |   137 |    63 ||   200
         Skin              |       |    10 ||    10
  Dodge: Dodged            |    94 |    64 ||   158
  Block: Buckler           |    54 |    21 ||    75

Table legend: (Time is in decaauts)
 A = Elapsed time spent in this place.
 B = Non-inter-level travel time spent in this place.
 C = Inter-level travel time spent in this place.
 D = Time resting spent in this place.
 E = Time spent auto-exploring this place.
 F = Levels seen in this place.
 G = Mean time per level.
                   A        B        C        D        E       F      G
               +--------+--------+--------+--------+--------+-----+--------+
         Total |   2024 |   1994 |     30 |    194 |   1249 |   3 |  674.7 |
       Dungeon |   2024 |   1994 |     30 |    194 |   1249 |   3 |  674.7 |
               +--------+--------+--------+--------+--------+-----+--------+

Top non-repeatable levels by time:
     D:1: 1017 daAuts
     D:2: 562 daAuts
     D:3: 444 daAuts
